 Dungeon Crawl Stone Soup version 0.22.0-60-ga52c2fc (webtiles) character file.

82 Anon1729 the Chopper (level 4, 0/40 HPs)
             Began as a Naga Gladiator on Sept 10, 2018.
             Slain by a hobgoblin
             ... wielding a +0 club
             ... led by Robin
              (3 damage)
             ... on level 2 of the Dungeon.
             The game lasted 00:02:11 (1123 turns).

Anon1729 the Chopper (Naga Gladiator)               Turns: 1123, Time: 00:02:12

Health: 0/40       AC:  4    Str: 21    XL:     4   Next: 43%
Magic:  4/4        EV: 10    Int: 13    God:
Gold:   59         SH:  0    Dex: 12    Spells: 3/3 levels left

rFire    . . .     SeeInvis +   a - +0 war axe
rCold    . . .     Gourm    .   (no shield)
rNeg     . . .     Faith    .   b - +0 leather armour
rPois    +         Spirit   .   c - +0 helmet
rElec    .         Reflect  .   (no cloak)
rCorr    .         Harm     .   (no gloves)
MR       .....                  (no barding)
Stlth    +.........             (no amulet)
HPRegen  0.13/turn              e - +3 ring of intelligence
MPRegen  0.09/turn              (no ring)

@: mighty, very slow
A: large, see invisible, deformed body, poison resistance, slowness 2, slow
metabolism 1, spit poison 1, AC +1
a: Spit Poison


You were on level 2 of the Dungeon.
You were not hungry.

You visited 1 branch of the dungeon, and saw 2 of its levels.

You collected 59 gold pieces.

Inventory:

Hand Weapons
 a - a +0 war axe (weapon)
 m - a +1 dagger of venom
Missiles
 d - 3 throwing nets (quivered)
 n - 4 tomahawks of returning
Armour
 b - a +0 leather armour (worn)
 c - a +0 helmet (worn)
Jewellery
 e - a +3 ring of intelligence (left hand)
 l - an uncursed amulet of faith {unknown}
 o - an uncursed amulet of harm {unknown}
Scrolls
 h - a scroll of blinking {unknown}
 i - 2 scrolls of remove curse {unknown}
Potions
 k - a potion of curing {unknown}
Comestibles
 f - 2 rations
 g - a chunk of flesh


   Skills:
 + Level 2.6 Fighting
 * Level 3.9 Axes
 - Level 2.0 Throwing
 + Level 1.1 Armour
 + Level 2.8 Dodging


You had 3 spell levels left.
You didn't know any spells.
Your spell library was empty.

Dungeon Overview and Level Annotations

Branches:
Dungeon (2/15)

Altars:


Innate Abilities, Weirdness & Mutations

You cannot wear boots.
Your serpentine skin is tough. (AC +1)
You have supernaturally acute eyesight. (SInv)
Armour fits poorly on your strangely shaped body.
Your system is resistant to poisons. (rPois)
You cover ground very slowly.
You have a slow metabolism.
You can spit poison.


Message History

You miss the goblin. You slash the goblin!
You kill the goblin!
You barely miss the hobgoblin. The hobgoblin hits you with a club.
The goblin hits you but does no damage. The goblin closely misses you.
The hobgoblin hits you with a club.
* * * LOW HITPOINT WARNING * * *
You miss the goblin. You hit the hobgoblin. The goblin barely misses you.
The hobgoblin hits you with a club.
* * * LOW HITPOINT WARNING * * *
You closely miss the hobgoblin.
The hobgoblin is severely wounded.
You closely miss the goblin. The goblin hits you.
* * * LOW HITPOINT WARNING * * *
The hobgoblin hits you with a club.
* * * LOW HITPOINT WARNING * * *
Unknown command.
It was a potion of might.
You feel very mighty all of a sudden. The goblin barely misses you.
The hobgoblin hits you with a club.
You die...

... gg...#... ..gg
......... .g.g.##....#.)$
#....r...<.. .... ##.g.#...
... #####.......# #).
##....gg.......
#.###g.####...###..
#.##@g## #...# #
##.#()######...# .
######..#.........########.
#..........######..........
#.......#### #.........
#........#########.........
#....)....<.....##.........
####..#########.##.........
#..# #............


You could see a hobgoblin and a goblin.

Vanquished Creatures
  Jessica (D:2)
  An ooze (D:1)
  A dart slug (D:1)
  2 leopard geckos (D:1)
  2 bats (D:1)
  A giant cockroach (D:1)
  11 goblins
  10 hobgoblins
  2 jackals (D:1)
  A kobold (D:1)
  5 frilled lizards
  7 rats
44 creatures vanquished.

Notes
Turn   | Place    | Note
-------+----------+-------------------------------------------
     0 | D:1      | Anon1729 the Naga Gladiator began the quest for the Orb.
     0 | D:1      | Reached XP level 1. HP: 19/19 MP: 1/1
   220 | D:1      | Reached XP level 2. HP: 22/26 MP: 2/2
   641 | D:1      | Reached XP level 3. HP: 30/32 MP: 3/3
   959 | D:2      | Noticed Jessica
   971 | D:2      | Killed Jessica
   971 | D:2      | Reached skill level 1 in Armour
   971 | D:2      | Reached XP level 4. HP: 40/40 MP: 4/4
  1123 | D:2      | Slain by a hobgoblin

Skill      XL: |  1  2  3 |
---------------+----------+-----
Throwing       | 2 |  2.0
Armour         | 1 |  1.1
Fighting       | |  2.6
Axes           | |  3.9
Dodging        | |  2.8

Action                   |  1- 3 |  4- 6 || total
-------------------------+-------+-------++-------
Melee: War axe           |    96 |    23 ||   119
  Use: Potion            |       |     1 ||     1
Armor: Leather armour    |    33 |    11 ||    44
Dodge: Dodged            |    68 |    23 ||    91
